 Dungeon Sprint DCSS version 0.30-a0-799-g109b55a442 (webtiles) character file.

Game seed: 4926470487963499566

3634 BigDaddyOpFi the Cleaver (level 9, -12/95 HPs)
             Began as a Minotaur Berserker on Feb 20, 2023.
             Was a High Priest of Trog.
             Mangled by an orc knight
             ... wielding a +2 war axe
              (20 damage)
             ... in the Dungeon (Sprint III: "The Ten Rune Challenge").
             The game lasted 00:03:16 (1830 turns).

BigDaddyOpFi the Cleaver (Minotaur Berserker)       Turns: 1830, Time: 00:03:16

Health: -12/95     AC:  7    Str: 26    XL:     9   Next: 87%
Magic:  7/7        EV: 17    Int:  4    God:    Trog [*****.]
Gold:   54         SH:  0    Dex: 12    Spells: 8/8 levels left

rFire   + . .      SeeInvis .    b - +0 executioner's axe (heavy)
rCold   . . .      Faith    .    (shield currently unavailable)
rNeg    . . .      Spirit   .    r - +2 robe {rF+}
rPois   .          Reflect  .    (helmet restricted)
rElec   .          Harm     .    (no cloak)
rCorr   .          Rampage  .    (no gloves)
Will    .....      NoTele   +    (no boots)
Stlth   ++                       (no amulet)
HPRegen 0.35/turn                (no ring)
MPRegen 0.10/turn                (no ring)

@: no status effects
A: horns 2, retaliatory headbutt, iridescent scales 1, thin skeletal structure
1, low MP 1, wild magic 1
a: Renounce Religion, Berserk, Trog's Hand, Brothers in Arms


You were in the Dungeon.
You worshipped Trog.
Trog was extremely pleased with you.
You visited 1 branch You collected 54 gold pieces.

Inventory:

Hand Weapons
 a - a +0 hand axe
 b - a +0 heavy executioner's axe (weapon)
 d - a +3 antimagic hand axe
Armour
 r - a +2 robe of fire resistance (worn)
Wands
 p - a wand of mindburst (2) (quivered)
Scrolls
 j - 3 scrolls of poison {unknown}
 k - a scroll of identify {unknown}
 m - a scroll of immolation {unknown}
 n - a scroll of vulnerability {unknown}
Potions
 c - a potion of curing
 e - a potion of haste
 f - 2 potions of magic
 g - a potion of berserk rage
 i - 2 potions of mutation
 l - a potion of might
 o - a potion of resistance {unknown}
Miscellaneous
 q - a piece from Xom's chessboard (15/15)


   Skills:
 + Level 14.2 Fighting
 + Level 14.2 Axes
 + Level 13.9 Armour
 + Level 12.8 Dodging


You had 8 spell levels left.
You didn't know any spells.
Your spell library was empty.

Dungeon Overview and Level Annotations

Branches:
Dungeon (1/1)

Altars:
Cheibriados
Dithmenos
Elyvilon
Fedhas
Gozag
Hepliaklqana
Kikubaaqudgha
Makhleb
Nemelex Xobeh
Okawaru
Qazlal
Ru
Sif Muna
Trog
Uskayaw
Vehumet
Wu Jian
Xom
Yredelemnul
Zin
The Shining One
Jiyva
Lugonu


Innate Abilities, Weirdness & Mutations

You have a pair of horns on your head.
You reflexively headbutt those who attack you in melee.
You are partially covered in iridescent scales. (AC +2)
You have a somewhat thin skeletal structure. (Dex +2, Stealth+)
Your magical capacity is low. (-10% MP)
Your spells are a little harder to cast, but a little more powerful.


Message History

You hit the orc knight. Your headbutt misses the orc knight.
The orc knight is moderately wounded.
The orc knight hits you with a +2 war axe!!
You barely miss the orc knight. Your headbutt misses the orc knight.
The orc knight is moderately wounded.
You slice the orc!!
You kill the orc!
Trog accepts your kill.
The orc knight hits you with a +2 war axe!
* * * LOW HITPOINT WARNING * * *
The orc knight hits you with a +2 war axe!
* * * LOW HITPOINT WARNING * * *
You feel better. The orc knight closely misses you.
You feel better.
The orc knight hits you with a +2 war axe!
* * * LOW HITPOINT WARNING * * *
You feel better.
The orc knight hits you with a +2 war axe!
* * * LOW HITPOINT WARNING * * *
Blink to where?
Press: ? - help, Dir - move target
As you read the scroll of blinking, it crumbles to dust.
Okay, then.
Aiming: Mindburst
Press: ? - help, Q - select action, (/) - cycle Shift-Dir - straight line, f - orc knight
Aim: an orc knight, wielding a +2 war axe and wearing a +0 chain mail (translocational energy, moderately wounded, chance to affect: 47%)
The orc knight's mind is blasted!
You start resting.
An orc knight is nearby!
An orc knight is nearby!
Aiming: Mindburst
Press: ? - help, Q - select action, (/) - cycle Shift-Dir - straight line, f/p - orc knight
Aim: an orc knight, wielding a +2 war axe and wearing a +0 chain mail (moderately wounded, chance to affect: 47%)
The orc knight's mind is blasted!
Aiming: Mindburst
Press: ? - help, Q - select action, (/) - cycle Shift-Dir - straight line, f/p - orc knight
Aim: an orc knight, wielding a +2 war axe and wearing a +0 chain mail (severely wounded, chance to affect: 47%)
The orc knight resists with some effort.
The orc knight hits you with a +2 war axe!!
You die...

▓▓ ▓▓▓ .♣♣ ♣.############
♣.♣ ♣.#___#___#__#$$$#
..♣ ♣♣.#)..#__.#._#..o
~.♣♣♣..###'#)###)##o$.
~♣♣..♣.#..........#oo
~~.♣.♣.'.⌠......@.#.o
≈~~~♣♣.#...######o#o#
~~~....#.⌠.#__#...#'#####
~~.....#...#__#...#..~§~+
.......#)###__#..[#)#§§§#
.......#.).#__#..())#[..#
.......#___#__+..[#[#§..#
▓▓▓▓▓▓▓▓▓▓▓▓▓▓▓▓▓▓▓▓▓▓▓▓▓


You could see an orc knight.

Vanquished Creatures
  Josephine (D)
  An orc knight (D)
  A deep elf pyromancer (D)
  A shadow (D)
  A spatial vortex (D)
  A necrophage (D)
  A water elemental (D)
  A scorpion (D)
  2 orc priests (D)
  A jelly (D)
  3 orc wizards (D)
  A wizard (D)
  A necromancer (D)
  3 humans (D)
  A kobold demonologist (D)
  4 orcs (D)
  4 rats (D)
28 creatures vanquished.

Vanquished Creatures (collateral kills)
  An orc high priest (D)
  An orc knight (D)
  2 orc warriors (D)
  An orc priest (D)
5 creatures vanquished.

Grand Total: 33 creatures vanquished

Notes
Turn   | Place    | Note
-------+----------+-------------------------------------------
     0 | D        | BigDaddyOpFi the Minotaur Berserker began the quest for the
                  | Orb.
     0 | D        | Reached XP level 1. HP: 19/19 MP: 0/0
   131 | D        | Reached ** piety under Trog
   172 | D        | Reached XP level 2. HP: 28/28 MP: 1/1
   338 | D        | Noticed a scorpion
   344 | D        | Killed a scorpion
   345 | D        | Reached skill level 5 in Armour
   345 | D        | Reached XP level 3. HP: 37/37 MP: 2/2
   345 | D        | Reached XP level 4. HP: 44/44 MP: 3/3
   527 | D        | Gained mutation: Your spells are a little harder to cast,
                  | but a little more powerful. [potion of mutation]
   527 | D        | Gained mutation: Your magical capacity is low. (-10% MP)
                  | [potion of mutation]
   527 | D        | Gained mutation: You are partially covered in iridescent
                  | scales. (AC +2) [potion of mutation]
   527 | D        | Gained mutation: You have a somewhat thin skeletal
                  | structure. (Dex +2, Stealth+) [potion of mutation]
   573 | D        | Noticed a water elemental
   578 | D        | Killed a water elemental
   578 | D        | Reached *** piety under Trog
   579 | D        | Reached skill level 5 in Dodging
   579 | D        | Reached XP level 5. HP: 51/51 MP: 3/3
   653 | D        | Found a radiant altar of Vehumet.
   653 | D        | Found a shimmering blue altar of Sif Muna.
   653 | D        | Found an ancient bone altar of Kikubaaqudgha.
   710 | D        | Found a glowing silver altar of Zin.
   710 | D        | Found a glowing golden altar of the Shining One.
   710 | D        | Found a white marble altar of Elyvilon.
   712 | D        | Noticed a deep elf pyromancer
   713 | D        | Noticed a fire elemental
   713 | D        | Noticed a fire elemental
   714 | D        | Noticed a fire elemental
   722 | D        | Killed a deep elf pyromancer
   722 | D        | Reached **** piety under Trog
   723 | D        | Reached skill level 10 in Fighting
   723 | D        | Reached skill level 10 in Axes
   723 | D        | Reached XP level 6. HP: 30/66 MP: 4/4
   723 | D        | Reached XP level 7. HP: 33/72 MP: 5/5
   961 | D        | Found a hide-covered altar of Uskayaw.
   961 | D        | Found an iron altar of Okawaru.
   961 | D        | Found a bloodstained altar of Trog.
   961 | D        | Found an ornate altar of the Wu Jian Council.
   961 | D        | Noticed a human
   962 | D        | Noticed a human
   971 | D        | Killed a human
   972 | D        | Reached skill level 10 in Armour
   976 | D        | Killed a human
  1125 | D        | Found a basalt altar of Yredelemnul.
  1125 | D        | Found a shadowy altar of Dithmenos.
  1125 | D        | Found a sacrificial altar of Ru.
  1280 | D        | Noticed a shadow
  1285 | D        | Killed a shadow
  1285 | D        | Reached ***** piety under Trog
  1286 | D        | Reached skill level 10 in Dodging
  1286 | D        | Reached XP level 8. HP: 82/82 MP: 6/6
  1438 | D        | Found a blossoming altar of Fedhas.
  1438 | D        | Found a stormy altar of Qazlal.
  1438 | D        | Found a snail-covered altar of Cheibriados.
  1438 | D        | Found a burning altar of Makhleb.
  1438 | D        | Found a shimmering altar of Xom.
  1439 | D        | Found a hazy altar of Hepliaklqana.
  1439 | D        | Found an opulent altar of Gozag.
  1439 | D        | Found a sparkling altar of Nemelex Xobeh.
  1439 | D        | Found a corrupted altar of Lugonu.
  1439 | D        | Found a viscous altar of Jiyva.
  1472 | D        | Noticed Josephine
  1492 | D        | Killed Josephine
  1728 | D        | Noticed an orc high priest
  1733 | D        | Received a gift from Trog
  1737 | D        | Noticed a rust devil
  1737 | D        | Noticed an orc knight
  1744 | D        | Noticed an ice devil
  1745 | D        | Noticed a hellwing
  1745 | D        | Killed an orc high priest
  1746 | D        | Reached XP level 9. HP: 56/93 MP: 7/7
  1748 | D        | Killed an orc knight
  1755 | D        | Noticed an orc knight
  1757 | D        | Received a gift from Trog
  1761 | D        | Killed an orc knight
  1819 | D        | Noticed an orc knight
  1830 | D        | Mangled by an orc knight

Illustrated notes

Levels and vault maps discovered:
D:        dungeon_sprint_mu [sprint_mu_entry_forest, sprint_mu_temple_rooms,
          sprint_mu_d1_horrors, sprint_mu_d2_genie, sprint_mu_d3_branching,
          sprint_mu_orc_legion, sprint_mu_elf_gauntlet, sprint_mu_hive_nellie,
          sprint_mu_lair_fedhas, sprint_mu_vaults_butterflies,
          sprint_mu_slime_circle, sprint_mu_swamp_cave, sprint_mu_shoals_archi,
          sprint_mu_blade_basic, sprint_mu_crypt_chambers,
          sprint_mu_tomb_spiral, sprint_mu_vestibule_basic,
          sprint_mu_gehenna_hellfire, sprint_mu_dis_giant,
          sprint_mu_tartarus_statrot, sprint_mu_cocytus_islands, sprint_mu_zot1]

Skill      XL: |  1  2  3  4  5  6  7  8  9 |
---------------+----------------------------+-----
Axes           | 4 6 7 10 11 13 14 | 14.2
Fighting       | 4 6 10 11 13 14 | 14.2
Armour         | 4 5 6 9 11 13 | 13.9
Dodging        | 3 4 5 8 10 12 | 12.8

Action                     |  1- 3 |  4- 6 |  7- 9 || total
---------------------------+-------+-------+-------++-------
  Melee: Hand axe          |    15 |    18 |    49 ||    82
         Headbutt          |     5 |     4 |     9 ||    18
         Executioner's axe |       |       |    18 ||    18
 Invoke: Berserk           |     2 |     3 |     4 ||     9
         Brothers in Arms  |       |       |     1 ||     1
  Evoke: Wand              |       |       |     3 ||     3
    Use: Potion            |       |     1 |     4 ||     5
         Scroll            |       |       |     1 ||     1
 Armour: Animal skin       |     4 |     3 |     2 ||     9
         Robe              |       |       |    11 ||    11
  Dodge: Dodged            |     8 |     8 |    43 ||    59

Table legend: (Time is in decaauts)
 A = Elapsed time spent in this place.
 B = Non-inter-level travel time spent in this place.
 C = Inter-level travel time spent in this place.
 D = Time resting spent in this place.
 E = Time spent auto-exploring this place.
 F = Levels seen in this place.
 G = Mean time per level.
                   A        B        C        D        E       F      G
               +--------+--------+--------+--------+--------+-----+--------+
         Total |   1922 |   1922 |      0 |   1580 |      0 |   1 | 1922.0 |
       Dungeon |   1922 |   1922 |      0 |   1580 |      0 |   1 | 1922.0 |
               +--------+--------+--------+--------+--------+-----+--------+

Top non-repeatable levels by time:
       D: 1922 daAuts
